 Dungeon Crawl Stone Soup version 0.17-a0-1636-g3119f2b (webtiles) character file.

171 urechis the Conjurer (level 5, -6/28 HPs)
             Began as a Gargoyle Wizard on Aug 6, 2015.
             Killed by divine providence
             ... invoked by an orc priest
              (13 damage)
             ... on level 3 of the Dungeon.
             The game lasted 00:08:29 (2403 turns).

urechis the Conjurer (Gargoyle Wizard)              Turns: 2403, Time: 00:08:30

Health: -6/28      AC:  9    Str: 11    XL:     5   Next: 51%
Magic:  1/11       EV:  6    Int: 19    God:
Gold:   102        SH:  0    Dex:  8    Spells: 5 memorised, 1 level left

rFire  . . .     SeeInvis .     h - +0 short sword (venom)
rCold  . . .     Clarity  .     a - +0 robe
rNeg   + . .     SustAt   .     (no shield)
rPois  ∞         Gourm    .     b - +0 hat
rElec  +         Spirit   .     t - +2 cloak
rCorr  .         Warding  .     (no gloves)
rMut   +         Stasis   .     (no boots)
MR     .....                    q - amulet of resist mutation
Stlth  ++........               (no ring)
                                (no ring)

@: not resistant to hostile enchantments, unstealthy
A: negative energy resistance 1, electricity resistance, unbreathing,
petrification resistance, rot immunity, AC +4
a: no special abilities


You were on level 3 of the Dungeon.
You were hungry.

You visited 1 branch of the dungeon, and saw 3 of its levels.

You collected 102 gold pieces.

Inventory:

Hand weapons
 h - a +0 short sword of venom (weapon)
Armour
 a - a +0 robe (worn)
 b - a +0 hat (worn)
 t - a +2 cloak (worn)
Jewellery
 q - an amulet of resist mutation (around neck)
Scrolls
 f - 3 scrolls of enchant armour {unknown}
 k - 4 scrolls of identify {unknown}
 l - 2 scrolls of recharging {unknown}
 o - a scroll of remove curse {unknown}
 u - a scroll of fog {unknown}
Potions
 e - a potion of agility {unknown}
 g - 2 potions of haste {unknown}
 i - 4 potions of brilliance {unknown}
 j - a potion of heal wounds {unknown}
 m - a potion of invisibility {unknown}
 p - a potion of cure mutation {unknown}
 r - a potion of poison {unknown}
 v - a potion of might {unknown}
Books
 c - a book of Minor Magic

   Spells                             Type                      Level
   a - Magic Dart                     Conjuration                  1
   b - Blink                          Translocation                2
   c - Call Imp                       Summoning                    2
   d - Repel Missiles                 Charms/Air                   2
   e - Slow                           Hexes                        2
   f - Conjure Flame                  Conjuration/Fire             3
   g - Mephitic Cloud                 Conjuration/Poison/Air       3
Comestibles
 d - 2 bread rations
 n - 3 fruits
 s - a beef jerky


   Skills:
 - Level 1.5 Dodging
 - Level 2.1 Stealth
 + Level 4.3 Spellcasting
 + Level 4.3 Conjurations
   Level 0.8 Summonings
 - Level 0.8 Translocations


You had one spell level left.
You knew the following spells:

 Your Spells              Type           Power        Failure   Level  Hunger
a - Magic Dart            Conj           ###.         2%          1    None
b - Mephitic Cloud        Conj/Pois/Air  #.......     21%         3    ###....
c - Conjure Flame         Conj/Fire      ##......     17%         3    ###....
d - Repel Missiles        Chrm/Air       #.....       21%         2    #......
e - Blink                 Tloc           N/A          17%         2    #......


Dungeon Overview and Level Annotations

Branches:
Dungeon (3/15)

Altars:
Xom

Annotations:
D:3 Chiseanne's ghost, average DsWn


Innate Abilities, Weirdness & Mutations

You are resistant to torment.
Your stone body is resilient (AC +4).
You are immune to poison.
You resist negative energy.
You are resistant to electric shocks.
You can survive without breathing.
You are immune to petrification.
You are immune to rotting.


Message History

The kobold shoots a poisoned needle.
The poisoned needle hits you!
You see here a poisoned needle.
The kobold shoots a poisoned needle.
The poisoned needle closely misses you. The orc priest hits you with a flail.
You see here a poisoned needle.
The kobold shoots a poisoned needle.
The poisoned needle misses you.
You see here a poisoned needle.
You hit the orc priest.
The orc priest is lightly wounded.
The orc priest hits you with a flail.
The kobold shoots a poisoned needle.
The poisoned needle misses you.
The orc priest invokes the aid of Beogh against you.
Something smites you!
* * * LOW HITPOINT WARNING * * *
The kobold shoots a poisoned needle.
The poisoned needle hits you!
You see here a poisoned needle.
There is a stone staircase leading up here.
The orc priest calls down the wrath of Beogh upon you.
Something smites you!
You die...

......... ..... ###.......#
.... ###.........# ...
...#)..........# ..
.........###########.### #
..#..#................#... #.
#.###########..#.....
..##.###.# ######...........
...)K..((###..oo@)).÷##...##
.......(##.K.#....##.##.....
........((.###.#####.....###
.........#####.# ##.#.###
.......).###...####....#
.........##........(...#
.........).............#
..........###..........######..
)..........######.............#


You could see an orc priest, an orc and a kobold.

Vanquished Creatures
  An orc wizard (D:3)
  4 gnolls (D:3)
  3 adders
  3 worms
  6 orcs (D:3)
  8 bats
  10 goblins
  4 hobgoblins
  6 jackals (D:2)
  2 quokkas (D:3)
  3 giant cockroaches
  2 giant newts
  5 kobolds
  6 rats
63 creatures vanquished.

Notes
Turn   | Place    | Note
--------------------------------------------------------------
     0 | D:1      | urechis the Gargoyle Wizard began the quest for the Orb.
     0 | D:1      | Reached XP level 1. HP: 10/10 MP: 4/4
   412 | D:1      | Reached XP level 2. HP: 15/15 MP: 6/6
  1109 | D:2      | Reached XP level 3. HP: 16/19 MP: 1/7
  1178 | D:2      | Learned a level 3 spell: Mephitic Cloud
  1182 | D:2      | Learned a level 3 spell: Conjure Flame
  1201 | D:2      | Found a shimmering altar of Xom.
  1397 | D:2      | Learned a level 2 spell: Repel Missiles
  1464 | D:2      | Reached XP level 4. HP: 11/24 MP: 6/9
  1894 | D:3      | Noticed Chiseanne's ghost (average DsWn)
  1989 | D:3      | Reached skill level 4 in Spellcasting
  2061 | D:3      | Learned a level 2 spell: Blink
  2138 | D:3      | Reached XP level 5. HP: 28/28 MP: 4/11
  2403 | D:3      | Killed from afar by an orc priest

Vault maps used:
D:1:      ncdulo_smallfort
D:2:      xom_teletrap_fun

Action                   |  1- 3 |  4- 6 || total
-------------------------+-------+-------++-------
Melee: Short sword       |    89 |    37 ||   126
       Unarmed           |     4 |       ||     4
       Dagger            |     4 |       ||     4
 Cast: Magic Dart        |    24 |    72 ||    96
 Stab: Sleeping          |     4 |       ||     4
  Eat: Chunk             |     2 |     2 ||     4
